Map: Altitude LE

Players

Parsifal - Winner!

  • Race: Terran Terran
  • League: Platinum
  • Spawn Location: 7:00

PleaseNo

  • Race: Zerg Zerg
  • League: Platinum
  • Spawn Location: 1:00

VOD

Have the link to the VOD?

Description

ZvT - Lost due to stupidity.

Time

  • Played on: Aug. 25, 2023, 7:47 a.m.
  • Length: 22:34
Show
View Real Time Build Order
Export as new Build Order

Parsifal Terran - Winner!

Build Orders:  

Get SALT Encoding   

  12  0:13  SCV  
  13  0:15  Supply Depot  
  13  0:27  Refinery  
  13  0:34  SCV  
  14  0:40  Barracks  
  14  0:46  SCV  
  15  0:58  SCV  
  16  1:10  SCV  
  17  1:22  SCV  
  18  1:36  Command Center  
  18  1:47  Orbital Command  
  18  1:58  Bunker  
  18  2:01  Marine  
  19  2:15  SCV  
  20  2:21  Marine  
  21  2:27  SCV  
  22  2:30  Supply Depot  
  22  2:39  SCV  
  22  2:40  Factory  
  23  2:48  Marine  
  25  2:51  SCV  
  25  2:54  SCV  
  26  2:59  Refinery  
  26  3:03  SCV  
  27  3:06  SCV, Marine  
  29  3:15  SCV  
  29  3:18  SCV  
  31  3:24  Starport  
  31  3:26  Factory Tech Lab  
  31  3:27  SCV  
  31  3:30  SCV  
  33  3:44  SCV x2  
  33  3:46  Siege Tank  
  38  4:02  Starport Reactor  
  38  4:05  SCV x2, Fusion Core  
  40  4:19  Refinery  
  40  4:23  Refinery  
  40  4:28  Siege Tank  
  40  4:30  Command Center  
  40  4:31  Orbital Command  
  43  4:49  Supply Depot  
  43  4:50  Supply Depot  
  43  4:56  Advanced Ballistics  
  45  5:07  Widow Mine  
  45  5:13  Supply Depot  
  45  5:14  Liberator x2  
  45  5:19  SCV x2  
  53  5:31  SCV  
  54  5:48  Starport  
  54  5:52  Starport  
  54  5:54  Starport  
  54  5:58  Engineering Bay  
  54  6:08  SCV  
  54  6:09  SCV  
  56  6:20  SCV  
  54  7:26  Siege Tank  
  54  7:28  Starport Tech Lab  
  57  7:36  Starport Tech Lab  
  54  7:37  Weapon Refit  
  54  7:40  Starport Tech Lab  
  54  7:43  SCV  
  55  7:53  Supply Depot  
  55  7:54  Supply Depot  
  55  7:55  Supply Depot  
  55  8:15  Battlecruiser x4  
  79  8:28  Planetary Fortress  
  26  9:19  Battlecruiser  
  26  9:23  Orbital Command  
  30  12:39  Orbital Command  
  30  13:16  Orbital Command  
Show
View Real Time Build Order
Export as new Build Order

PleaseNo Zerg 

Build Orders: Hatch First 

Get SALT Encoding   

  12  0:00  Drone  
  13  0:14  Overlord  
  13  0:19  Drone  
  14  0:33  Drone x2  
  16  0:51  Hatchery  
  16  0:54  Drone  
  16  0:58  Drone  
  16  1:01  Drone  
  18  1:13  Extractor  
  18  1:17  Spawning Pool  
  16  1:20  Drone  
  17  1:26  Drone  
  18  1:35  Drone  
  19  1:42  Drone  
  20  1:56  Overlord  
  20  2:04  Queen x2  
  20  2:05  Zergling x4  
  26  2:20  Drone x2  
  29  2:30  Drone x2  
  30  2:45  Overlord  
  30  2:46  Hatchery  
  29  2:51  Overlord  
  29  2:54  Metabolic Boost  
  29  3:03  Queen  
  29  3:04  Drone  
  32  3:06  Drone  
  32  3:08  Drone  
  32  3:10  Drone  
  35  3:13  Drone  
  36  3:23  Drone x4  
  36  3:25  Drone  
  41  3:27  Drone  
  42  3:35  Overlord  
  42  3:37  Overlord  
  43  3:48  Drone  
  43  3:50  Overlord  
  43  3:51  Drone  
  43  3:54  Extractor  
  43  4:01  Zergling x8  
  43  4:02  Zergling x6  
  50  4:11  Drone x2  
  50  4:15  Baneling Nest  
  50  4:16  Drone  
  52  4:18  Drone  
  53  4:26  Lair  
  53  4:27  Queen x2  
  53  4:29  Drone x2  
  53  4:30  Drone  
  60  4:32  Drone x2  
  60  4:36  Spore Crawler  
  61  4:42  Spore Crawler  
  61  4:43  Drone x2  
  62  4:54  Drone  
  62  4:55  Drone x8  
  62  4:58  Spore Crawler  
  70  5:01  Overlord  
  70  5:15  Drone x3  
  70  5:16  Drone  
  74  5:22  Drone  
  74  5:23  Evolution Chamber  
  74  5:25  Zergling x16, Evolution Chamber  
  81  5:31  Drone  
  82  5:36  Overlord  
  82  5:37  Overlord  
  82  5:41  Centrifugal Hooks  
  82  5:52  Extractor  
  81  5:58  Hatchery  
  80  6:10  Drone  
  80  6:11  Drone x11  
  89  6:14  Overlord  
  89  6:15  Overlord  
  89  6:16  Extractor  
  89  6:18  Zerg Melee Weapons Level 1  
  91  6:19  Zerg Ground Armor Level 1  
  91  6:24  Hatchery  
  85  6:50  Hatchery  
  83  7:13  Zergling x20  
  83  7:14  Zergling x28  
  100  7:36  Zergling x2  
  100  7:37  Zergling x12  
  105  7:50  Drone x2  
  105  7:51  Drone x2  
  109  8:00  Baneling x21  
  109  8:01  Baneling x4  
  109  8:05  Zergling x10  
  114  8:19  Zergling x14  
  121  8:32  Overlord x4  
  121  8:33  Drone x2  
  121  8:34  Drone x5  
  128  8:43  Drone x3  
  110  9:06  Zergling x2  
  110  9:07  Zergling x30  
  124  9:10  Zerg Melee Weapons Level 2  
  124  9:11  Zerg Ground Armor Level 2  
  124  9:16  Extractor, Drone  
  127  9:17  Drone x3  
  127  9:18  Extractor  
  119  9:27  Baneling x16  
  111  9:37  Spire  
  102  9:38  Drone  
  102  9:39  Drone x7  
  102  9:40  Spore Crawler  
  102  9:41  Spore Crawler x2  
  103  9:47  Spore Crawler x2  
  103  9:50  Spore Crawler x2  
  103  9:52  Spore Crawler  
  96  9:53  Spore Crawler x2  
  96  9:55  Spore Crawler x2  
  96  9:58  Baneling x7  
  96  9:59  Baneling x13  
  83  10:20  Zergling x2  
  83  10:21  Zergling x38  
  91  10:52  Spawning Pool  
  90  11:04  Drone x3  
  93  11:12  Spawning Pool  
  91  11:19  Hatchery  
  85  11:43  Lair  
  79  11:55  Hatchery  
  77  12:02  Queen  
  70  12:31  Zergling x2  
  70  12:32  Zergling x4  
  70  12:45  Spire  
  70  12:48  Drone x3  
  72  13:05  Extractor  
  72  13:07  Extractor  
  70  13:25  Hatchery  
  69  13:31  Extractor  
  69  13:34  Extractor  
  65  13:45  Overlord  
  65  13:58  Corruptor x3  
  67  14:07  Corruptor  
  64  14:27  Corruptor  
  64  14:28  Corruptor  
  37  15:30  Hatchery  
  30  15:48  Hatchery  
  7  16:42  Drone  
  8  17:03  Drone  
  8  17:32  Drone x4  
  8  17:52  Hatchery  
  6  18:40  Drone x3  
  9  18:47  Hatchery  
Tags
 
Add a new tag
Caveats
  • Supply blocks, unpowered buildings, or Contaminate may cause inaccurate times.
  • Supply counts are checked every 10 seconds.